AoeStats
← Zynac

Arabia

506316979Analyzed
2v2 RM · 20d ago on Sep 13, 2026· 34m 55s· 4 players
Game mode
Random Map
Map size
Medium (4 player)
Population
200
Speed
Normal
Resources
Standard
Victory
Conquest
Starting age
Dark Age
Ending age
Imperial Age
RankedLock teamsTeams togetherTeam positionsShared explorationLock speedFull tech treeHidden civsTurbo modeCheats
Victory
Defeat
🇦🇷 Maya · Argentina
889
+12
🇦🇷 Franks · Argentina
753
+27
🇳🇱 Cumans · Netherlands
877
-18
🇵🇪 Inca · Peru
731
-12
El Pepe
0:26 Loom
10:09 Feudal Age
11:01 Double-Bit Axe
14:18 Horse Collar
14:46 Fletching
25:08 Castle Age
24:41 Gold Mining
25:33 Padded Archer Armor
25:41 Crossbowman
29:54 Bodkin Arrow
33:58 Thumb Ring
36:58 Imperial Age
Mini Pepe
10:30 Feudal Age
11:31 Double-Bit Axe
15:41 Loom
22:02 Castle Age
20:43 Wheelbarrow
26:33 Scale Barding Armor
26:39 Forging
26:56 Bow Saw
29:53 Hand Cart
Yuls37
0:29 Loom
9:55 Feudal Age
21:44 Castle Age
Zynac
2:02 Loom
11:01 Feudal Age
16:28 Double-Bit Axe
16:30 Horse Collar
19:05 Wheelbarrow
30:18 Scale Mail Armor
30:24 Padded Archer Armor
Connection lost

Rejoining the realm…

Still unreachable

The connection could not be restored.

Session expired

The server has moved on; the page needs a fresh start.